 Dungeon Crawl Stone Soup version 0.30-a0-141-g30f27751c5 (webtiles) character file.

Game seed: 2778101725889234508

42044 Weirdisaac the Geomancer (level 13, -1/86 HPs)
             Began as a Demigod Wanderer on Sept 21, 2022.
             Slain by a +2 long sword of flaming (2 damage)
             ... on level 1 of the Elven Halls on Sept 26, 2022.
             The game lasted 01:35:06 (20046 turns).

Weirdisaac the Geomancer (Demigod Wanderer)        Turns: 20046, Time: 01:35:07

Health: -1/86      AC: 20    Str: 12    XL:     13   Next: 47%
Magic:  0/40       EV: 15    Int: 34    God:
Gold:   1355       SH:  0    Dex: 19    Spells: 20/32 levels left

rFire   . . .      SeeInvis +    c - +5 halberd "Ykhuengu" {venom, rElec SInv}
rCold   + . .      Faith    .    (shield currently unavailable)
rNeg    . . .      Spirit   +    z - +3 troll leather armour
rPois   +          Reflect  .    d - +2 helmet
rElec   +          Harm     .    v - scarf {repulsion}
rCorr   .          Rampage  .    u - +0 pair of gloves
Will    .....      Clarity  +    b - +2 pair of boots of Hospitality {rC+}
Stlth   +++.......               o - amulet of guardian spirit
HPRegen 1.04/turn                j - +4 ring of protection
MPRegen 0.27/turn                G - ring of Agnosticism {rPois Will- MP+9 Int+3 Dex+6}

@: studying Short Blades, invisible, repel missiles
A: high MP 1, forlorn, divine attributes, clarity, poison resistance, MP-powered
wands
a: no special abilities


You were on level 1 of the Elven Halls.
You visited 3 branches of the dungeon, and saw 15 of its levels.
You also visited: Volcano.

You collected 2460 gold pieces.
You spent 1105 gold pieces at shops.

Inventory:

Hand Weapons
 c - the +5 halberd "Ykhuengu" (weapon) {venom, rElec SInv}
   (You found it on level 8 of the Dungeon)

   It poisons the flesh of those it strikes.
   rElec:     It insulates you from electricity.
   SInv:      It lets you see invisible.
 p - the +5 bardiche "Omuttahe" {freeze, Contam rElec Str+9}
   (You bought it in a shop on level 2 of the Orcish Mines)

   It freezes those it strikes, dealing additional cold damage.
   It can also slow down cold-blooded creatures.
   Str:       It affects your strength (+9).
   rElec:     It insulates you from electricity.
   Contam:    It causes magical contamination when unequipped.
Armour
 b - the +2 pair of boots of Hospitality (worn) {rC+}
   (You bought it in a shop on level 2 of the Orcish Mines)

   rC:        It protects you from cold.
 d - a +2 helmet (worn)
 s - a +0 buckler
 u - a +0 pair of gloves (worn)
 v - a scarf of repulsion (worn)
 z - a +3 troll leather armour (worn)
Jewellery
 j - a +4 ring of protection (left hand)
 o - an amulet of guardian spirit (around neck)
 G - the ring of Agnosticism (right hand) {rPois Will- MP+9 Int+3 Dex+6}
   (You found it on level 12 of the Dungeon)

   [ring of dexterity]

   Int:       It affects your intelligence (+3).
   Dex:       It affects your dexterity (+6).
   rPois:     It protects you from poison.
   MP:        It affects your magic capacity (+9).
   Will:      It decreases your willpower.
Wands
 l - a wand of digging (1)
 n - a wand of acid (7)
 t - a wand of flame (26)
 x - a wand of mindburst (12)
 B - a wand of charming (9)
Scrolls
 g - 2 scrolls of amnesia
 k - 9 scrolls of teleportation
 r - a scroll of immolation
 w - 3 scrolls of fog
 A - 5 scrolls of identify
 F - 2 scrolls of vulnerability
Potions
 a - 2 potions of cancellation
 e - a potion of berserk rage
 f - 4 potions of mutation
 h - 5 potions of might
 i - 4 potions of attraction
 q - 2 potions of resistance
 E - a potion of ambrosia


   Skills:
 - Level 1.1 Long Blades
 * Level 6.1 Polearms
 * Level 6.4 Armour
 * Level 6.5 Dodging
 * Level 6.2 Stealth
 * Level 10.0 Spellcasting
 * Level 6.8 Conjurations
 * Level 6.0 Summonings
 * Level 5.9 Transmutations
 * Level 10.6 Earth Magic
 * Level 4.9 Evocations


You had 20 spell levels left.
You knew the following spells:

 Your Spells              Type           Power      Damage    Failure   Level
a - Sandblast             Erth           100%       2d20      1%          1
b - Passwall              Tmut/Erth      54%        N/A       1%          2
c - Call Imp              Summ           55%        N/A       1%          2
d - Stone Arrow           Conj/Erth      100%       3d13      1%          3
e - Leda's Liquefaction   Hex/Erth       26%        N/A       3%          4

Your spell library contained the following spells:

 Spells                   Type           Power      Damage    Failure   Level
 Foxfire                  Conj/Fire      100%       2x1d9     1%          1
 Magic Dart               Conj           100%       1d8       1%          1
 Shock                    Conj/Air       100%       1d9       1%          1
 Sting                    Tmut/Pois      100%       1d8       1%          1
 Static Discharge         Conj/Air       80%        2-6/arc   1%          2
 Petrify                  Tmut/Erth      65%        N/A       1%          4
 Dazzling Flash           Conj/Hex       80%        N/A       2%          3
 Mephitic Cloud           Conj/Pois/Air  32%        N/A       3%          3
 Spider Form              Tmut/Pois      37%        N/A       3%          3
 Ensorcelled Hibernation  Hex/Ice        34%        N/A       4%          2
 Iskenderun's Battlesphe  Conj           59%        2d11      5%          5
 Irradiate                Conj/Tmut      28%        3d21      7%          5
 Flame Wave               Conj/Fire      40%        2d11      8%          4
 Sticky Flame             Conj/Fire      40%        2d6       8%          4
 Gell's Gravitas          Tloc           17%        N/A       10%         3
 Inner Flame              Hex/Fire       17%        N/A       10%         3
 Kindle Blastsparks       Fire/Tloc/Air  34%        2d12      10%         3
 Lesser Beckoning         Tloc           17%        N/A       10%         3
 Ozocubu's Armour         Ice            17%        N/A       10%         3
 Swiftness                Air            17%        N/A       10%         3
 Teleport Other           Tloc           17%        N/A       10%         3
 Iron Shot                Conj/Erth      33%        9d7       14%         6
 Arcjolt                  Conj/Air       20%        1d30      22%         5
 Anguish                  Hex/Necr       8%         N/A       32%         4
 Dispel Undead            Necr           17%        3d10      32%         4
 Agony                    Necr           17%        N/A       65%         5
 Silence                  Hex/Air        8%         N/A       65%         5
 Spellforged Servitor     Conj/Summ      28%        N/A       89%         7
 Enfeeble                 Hex            8%         N/A       100%        7
 Ozocubu's Refrigeration  Ice            8%         4d9       100%        7


Dungeon Overview and Level Annotations

Branches:
Dungeon (12/15)            Temple (0/1) D:6            Lair (0/5) D:9
    Orc (2/2) D:9             Elf (1/3) Orc:2       Volcano (visited)

Shops:
D:4 [   D:8 [   D:11 *   Orc:2 ((![!   Elf:1 [

Annotations:
D:11 2 transporters, SigmundSlayer's ghost, journeyman DEEE


Innate Abilities, Weirdness & Mutations

You have an increased reservoir of magic. (+10% MP)
You shall have no god before yourself.
Your divine heritage dramatically boosts your attributes as you level up.
You possess an exceptional clarity of mind.
Your system is resistant to poisons. (rPois)
You expend magic power (3 MP) to strengthen your wands.


Message History

You don't have enough magic to cast this spell.
You don't have enough magic to cast this spell.
Unknown command.
Unknown command.
You fade into invisibility!
The +2 long sword of flaming hits you!
* * * LOW HITPOINT WARNING * * *
The +2 long sword of flaming burns you.
* * * LOW HITPOINT WARNING * * *
You feel better.
The +2 long sword of flaming closely misses you.
The +2 long sword of flaming hits you.
* * * LOW HITPOINT WARNING * * *
The +2 long sword of flaming burns you.
* * * LOW HITPOINT WARNING * * *
You feel better.
The +2 long sword of flaming barely misses you.
The +2 long sword of flaming misses you.
You feel better. The +2 long sword of flaming hits you.
* * * LOW HITPOINT WARNING * * *
The +2 long sword of flaming burns you.
* * * LOW HITPOINT WARNING * * *
You feel better.
The +2 long sword of flaming hits you but does no damage. x2
You feel better.
The +2 long sword of flaming hits you but does no damage.
You feel better. The +2 long sword of flaming hits you!
The +2 long sword of flaming burns you.
The +2 long sword of flaming hits you but does no damage.
Okay, then.
The +2 long sword of flaming hits you. The +2 long sword of flaming burns you.
The +2 long sword of flaming hits you!
* * * LOW HITPOINT WARNING * * *
The +2 long sword of flaming burns you.
* * * LOW HITPOINT WARNING * * *
Okay, then.
The +2 long sword of flaming hits you!
* * * LOW HITPOINT WARNING * * *
The +2 long sword of flaming burns you.
You die...

#... #... ##.. ##+## ### #
##...## ##### ##.
##.....## #...)
#.#..######.......## #.#.#
........##.........###....
#.......(@.........').....
.#...#.##.........###....
... #.###.......## #.#.. .
#.# ##.....## #.... #.#
##.(.## ####. ..........#
##'## #. ..........# #.#
### #. ##..........
#.###.### #.
#........~.~#.#.....####.


You could see a +2 long sword of flaming (unable to see you).

Vanquished Creatures
  An orc warlord (Orc:2)
  The ghost of Citit the Eclecticist, a journeyman DEFE of Sif Muna (D:12)
  A deep elf death mage (Elf:1)
  2 centaur warriors (D:8)
  2 boulder beetles
  Erica (D:11)
  5 two-headed ogres
  2 dancing weapons (Elf:1)
  2 orc high priests
  4 deep elf knights (Elf:1)
  4 deep elf archers
  An orc knight (Orc:2)
  8 deep elf pyromancers
  5 deep elf zephyrmancers
  An orc sorcerer (Orc:2)
  2 manticores
  A cyclops (D:8)
  3 gargoyles
  An efreet (D:8)
  2 komodo dragons
  8 trolls
  Prince Ribbit (D:8)
  3 hornets
  3 air elementals
  4 shadows
  Sigmund (D:2)
  A vampire (D:12)
  4 wraiths
  13 yaks
  2 wyverns
  Grum (D:8)
  5 neqoxecs (D:12)
  3 fire bats (Orc:1)
  4 fire elementals (Volcano)
  Eustachio (D:6)
  2 wargs (Orc:2)
  6 hell hounds (Volcano)
  A two-headed ogre zombie (D:9)
  5 acid dragons
  2 water moccasins (D:8)
  29 orc warriors
  2 sky beasts
  4 ice beasts
  6 ogres
  3 wolves
  2 centaurs
  2 phantoms
  A kobold brigand (D:8)
  A bullfrog (D:7)
  3 necrophages (D:5)
  2 gnoll sergeants
  3 scorpions
  9 wights (D:7)
  2 troll zombies (D:9)
  9 howler monkeys
  2 hounds
  2 jellies
  2 quasits (D:12)
  Crazy Yiuf (D:7)
  27 orc priests
  4 iguanas
  2 gnoll boudas
  29 orc wizards
  5 ogre zombies (D:9)
  15 gnolls
  8 adders
  A white imp (D:5)
  2 ufetubi
  A worm (D:2)
  3 dart slugs
  102 orcs
  9 bats
  2 endoplasms
  13 goblins
  4 hobgoblins
  5 jackals
  4 quokkas
  6 ball pythons
  2 frilled lizards
  A goblin skeleton (D:9)
  A goblin zombie (D:9)
  A hobgoblin skeleton (D:9)
  7 hobgoblin zombies (D:9)
  17 kobolds
  2 orc skeletons (D:9)
  13 orc zombies (D:9)
  A rat (D:1)
491 creatures vanquished.

Vanquished Creatures (collateral kills)
  A two-headed ogre (D:11)
  An orc priest (D:11)
  A hound (D:6)
  An orc wizard (D:11)
  An orc (D:11)
5 creatures vanquished.

Vanquished Creatures (others)
  A yak (D:6)
  An orc (Orc:1)
  2 fungi (D:7)
4 creatures vanquished.

Grand Total: 500 creatures vanquished

Notes
Turn   | Place    | Note
-------+----------+-------------------------------------------
     0 | D:1      | Weirdisaac the Demigod Wanderer began the quest for the
                  | Orb.
     0 | D:1      | Weirdisaac set off with the following items: a +0 dagger, a
                  | scroll of blinking, a +0 robe, a +0 helmet; and the
                  | following spells available to memorise: Sandblast,
                  | Passwall, Sting, Spider Form, Leda's Liquefaction.
     0 | D:1      | Reached XP level 1. HP: 14/14 MP: 5/5
     2 | D:1      | Learned a level 1 spell: Sandblast
   246 | D:1      | Reached XP level 2. HP: 20/20 MP: 5/7
  1184 | D:2      | Reached XP level 3. HP: 26/26 MP: 5/8
  1723 | D:2      | Noticed Sigmund
  1895 | D:3      | Reached XP level 4. HP: 33/33 MP: 5/10
  2509 | D:4      | Reached skill level 1 in Dodging
  2604 | D:4      | Reached skill level 1 in Armour
  2772 | D:4      | Learned a level 2 spell: Passwall
  2947 | D:4      | Learned a level 2 spell: Call Imp
  3212 | D:4      | Found Pesueju's Antique Armour Shoppe.
  3240 | D:4      | Bought a dyed leather armour for 110 gold pieces
  3292 | D:4      | Reached skill level 1 in Conjurations
  3292 | D:4      | Reached XP level 5. HP: 33/38 MP: 8/12
  3433 | D:4      | Gained mutation: You are partially covered in iridescent
                  | scales. (AC +2) [potion of mutation]
  3464 | D:5      | Entered Level 5 of the Dungeon
  3529 | D:2      | Killed Sigmund
  3530 | D:2      | Reached skill level 5 in Earth Magic
  3530 | D:2      | Reached XP level 6. HP: 45/45 MP: 2/14
  4052 | D:5      | Reached skill level 1 in Transmutations
  4238 | D:5      | Reached skill level 1 in Summonings
  4245 | D:5      | Reached XP level 7. HP: 27/50 MP: 1/16
  4698 | D:5      | Upgraded the game from 0.30-a0-137-gd8773701ce to
                  | 0.30-a0-141-g30f27751c5
  5090 | D:6      | Reached XP level 8. HP: 45/57 MP: 6/18
  5303 | D:6      | Found a staircase to the Ecumenical Temple.
  5349 | D:6      | Noticed Eustachio
  5363 | D:6      | Killed Eustachio
  5427 | D:6      | Reached skill level 5 in Spellcasting
  5705 | D:6      | Reached skill level 5 in Stealth
  6020 | D:7      | Found a runed translucent door.
  6021 | D:7      | Noticed Crazy Yiuf
  6026 | D:7      | Killed Crazy Yiuf
  6093 | D:7      | Reached XP level 9. HP: 62/62 MP: 19/21
  6512 | D:7      | Reached skill level 1 in Long Blades
  6826 | D:8      | Identified the +5 halberd "Ykhuengu" {venom, rElec SInv}
  6853 | D:8      | Noticed a boulder beetle
  6853 | D:8      | Noticed a komodo dragon
  6855 | D:8      | Noticed a manticore
  6856 | D:8      | Found Yckis's Antique Armour Boutique.
  6859 | D:8      | Noticed a centaur warrior
  6859 | D:8      | Noticed a gargoyle
  6863 | D:8      | Noticed Prince Ribbit
  6870 | D:8      | Killed Prince Ribbit
  6952 | D:8      | Bought a glowing scarf for 200 gold pieces
  7012 | D:8      | Noticed Grum
  7258 | D:8      | Killed Grum
  7427 | D:8      | Noticed a centaur warrior
  7427 | D:8      | Noticed an efreet
  7428 | D:8      | Noticed a two-headed ogre
  7428 | D:8      | Noticed a cyclops
  7428 | D:8      | Noticed a two-headed ogre
  7435 | D:8      | Reached skill level 1 in Polearms
  8964 | D:8      | Reached XP level 10. HP: 35/69 MP: 7/24
  9272 | D:9      | Found a staircase to the Orcish Mines.
  9472 | D:9      | Noticed a two-headed ogre
  9495 | D:9      | Killed a two-headed ogre
  9624 | D:9      | Found a staircase to the Lair.
  9817 | D:9      | Reached skill level 1 in Evocations
 10097 | D:9      | Noticed a two-headed ogre
 10101 | D:9      | Killed a two-headed ogre
 10352 | D:10     | Entered Level 10 of the Dungeon
 10975 | D:10     | Reached XP level 11. HP: 74/74 MP: 23/27
 11353 | D:11     | Noticed a boulder beetle
 11378 | D:11     | Killed a boulder beetle
 11543 | D:11     | Found a transporter.
 11543 | D:11     | Noticed a fire giant
 11543 | D:11     | Noticed a deep elf pyromancer
 11547 | D:11     | Noticed a boulder beetle
 11547 | D:11     | Noticed SigmundSlayer's ghost (journeyman DEEE)
 11549 | D:11     | Found a transporter.
 11610 | D:11     | Found Omicog's Changing Room.
 11634 | D:11     | Noticed a two-headed ogre
 11642 | D:11     | Killed a two-headed ogre
 11667 | D:11     | Noticed a two-headed ogre
 11667 | D:11     | Noticed a boulder beetle
 11670 | D:11     | Noticed a two-headed ogre
 11673 | D:11     | Noticed Erica
 11676 | D:11     | Killed Erica
 11692 | D:11     | Identified the +1 leather armour of the Ecumenical Temple
                  | {Int+3}
 11713 | D:11     | Identified the +1 leather armour of Gravity {Dex+5}
 12089 | D:12     | Identified a scroll of acquirement
 12089 | D:12     | Acquired the Atlas of Geology and Damage Dealing
 12097 | D:12     | Learned a level 3 spell: Stone Arrow
 12206 | D:12     | Noticed a deep elf pyromancer
 12213 | D:12     | Killed a deep elf pyromancer
 12291 | D:12     | Noticed a two-headed ogre
 12298 | D:12     | Killed a two-headed ogre
 12411 | D:12     | Found a transporter.
 12414 | D:12     | Noticed Citit's ghost (journeyman DEFE)
 12432 | D:12     | Found a transporter.
 12778 | D:12     | Reached skill level 5 in Armour
 13049 | D:12     | Reached skill level 5 in Dodging
 13577 | D:12     | Learned a level 4 spell: Leda's Liquefaction
 13601 | D:12     | Gained mutation: You possess an exceptional clarity of
                  | mind. [a neqoxec]
 13635 | D:12     | Killed Citit's ghost
 13667 | D:12     | Gained mutation: You have hidden genetic potential. [a
                  | neqoxec]
 13790 | D:12     | Lost mutation: You are partially covered in iridescent
                  | scales. (AC +2) [a neqoxec]
 13813 | D:12     | Got the ring of Agnosticism {rPois Will- MP+9 Int+3 Dex+6}
 14158 | D:8      | Reached skill level 5 in Conjurations
 14201 | D:8      | Killed a centaur warrior
 14209 | D:9      | Killed a boulder beetle
 14210 | D:9      | Reached XP level 12. HP: 51/81 MP: 3/29
 14373 | D:8      | Killed a centaur warrior
 14374 | D:8      | Reached skill level 5 in Summonings
 14382 | D:8      | Reached skill level 5 in Transmutations
 14888 | Orc:1    | Entered Level 1 of the Orcish Mines
 14964 | Orc:2    | Entered Level 2 of the Orcish Mines
 14964 | Orc:2    | Found Inkikk's Distillery.
 15146 | Orc:2    | Paralysed by an orc sorcerer for 5 turns
 15291 | Orc:2    | Found a staircase to the Elven Halls.
 15342 | Orc:1    | Reached skill level 10 in Earth Magic
 15380 | Orc:1    | Found a dark tunnel.
 15390 | Volcano  | Entered a volcano
 15737 | Volcano  | Gained mutation: Your system is resistant to poisons.
                  | (rPois) [hidden potential]
 15844 | Volcano  | Reached skill level 5 in Polearms
 16151 | Volcano  | Identified the +9 mace of Veakhlui {drain, +Blink rF-
                  | Str+6}
 16990 | Orc:2    | Found Olemn's Distillery.
 17693 | Orc:2    | Noticed an orc warlord
 17856 | Orc:2    | Killed an orc warlord
 17857 | Orc:2    | Reached XP level 13. HP: 86/86 MP: 18/31
 17903 | Orc:2    | Found Fauhiuwoo's Antique Weapon Shop.
 17909 | Orc:2    | Found Nacaec's Antique Armour Boutique.
 17923 | Orc:2    | Bought a pair of steaming boots for 361 gold pieces
 17923 | Orc:2    | Identified the +2 pair of boots of Hospitality {rC+} (You
                  | bought it in a shop on level 2 of the Orcish Mines)
 18422 | Orc:2    | Found Tinu's Antique Weapon Shoppe.
 18433 | Orc:2    | Bought a jewelled bardiche for 434 gold pieces
 18433 | Orc:2    | Identified the +5 bardiche "Omuttahe" {freeze, Contam rElec
                  | Str+9} (You bought it in a shop on level 2 of the Orcish
                  | Mines)
 19070 | Elf:1    | Entered Level 1 of the Elven Halls
 19076 | Elf:1    | Paralysed by an air elemental for 1 turns
 19179 | Elf:1    | Paralysed by an air elemental for 1 turns
 19835 | Elf:1    | Gained mutation: You expend magic power (3 MP) to
                  | strengthen your wands. [hidden potential]
 19835 | Elf:1    | Lost mutation: You have hidden genetic potential. [hidden
                  | potential expressed]
 19855 | Elf:1    | Reached skill level 10 in Spellcasting
 20005 | Elf:1    | Found Hygizygg's Armour Emporium.
 20035 | Elf:1    | HP: 4/86 [+2 long sword of flaming (1)]
 20046 | Elf:1    | HP: 1/86 [+2 long sword of flaming (16)]
 20046 | Elf:1    | Slain by a +2 long sword of flaming

Illustrated notes

Levels and vault maps discovered:
D:1:      lightli_arrival_statue_moat, layout_basic,
          ebering_ecumenical_altar_abandoned, wad_floor_pattern_2
D:2:      layout_basic, serial_rivers, chequers_serial_rivers_micro_a,
          chequers_serial_rivers_small_b, chequers_serial_rivers_small_3,
          chequers_serial_rivers_room_b, chequers_serial_rivers_small_3,
          minmay_split_cup_large, uniq_sigmund
D:3:      layout_loops_ring, chequers_serial_rivers_large_a
D:4:      layout_loops_ring, kennysheep_windowed_goal
D:5:      layout_basic, chequers_temple_overflow_statue_of_worship,
          solitary_fountain, minmay_pentangle
D:6:      layout_cave_pools, fiery_altar_vehumet,
          minmay_temple_entry_large_hall, minmay_splitting_lines, uniq_eustachio
D:7:      layout_basic, uniq_crazy_yiuf_cottage
D:8:      layout_rooms, serial_shops, nicolae_shop_advertising_works
          [nicolae_subvault_shop_adworks], minivault_12, uniq_prince_ribbit1,
          uniq_grum
D:9:      layout_loops_cross, lair_entry_dummy, zombieorc2_lemuel
D:10:     layout_roguey, doesnt_xom_only_xom, kennysheep_small_spiral
D:11:     layout_rooms, gammafunk_ghost_arena, nicolae_transmutations_shop,
          minmay_holes, uniq_erica
D:12:     layout_stronghold, gammafunk_ghost_stat_death
Orc:1:    layout_caves, basic_altar, nicolae_volcano_entry_batcave
Orc:2:    grunt_orc_community_town_hall, layout_caves,
          grunt_orc_community_big_house_1, grunt_orc_community_big_house_1,
          grunt_orc_community_house_2, grunt_orc_community_house_1,
          grunt_orc_community_house_1, grunt_orc_community_house_3,
          grunt_orc_community_house_2, serial_shops, nicolae_shop_waterfront
Elf:1:    nicolae_elf_arrival_aired_out, layout_loops_corners, serial_shops,
          nicolae_shop_waterfront, hangedman_elven_crosses_minicolossus

Skill      XL: |  1  2  3  4  5  6  7  8  9 10 11 12 13 |
---------------+----------------------------------------+-----
Earth Magic    | 4 5 6 7 8 9 10 | 10.6
Spellcasting   | 2 3 4 5 6 7 8 9 10 | 10.0
Dodging        | 1 2 3 4 5 6 |  6.5
Armour         | 1 2 3 4 5 6 |  6.4
Conjurations   | 1 2 3 4 5 6 |  6.8
Stealth        | 4 5 6 |  6.2
Transmutations | 1 2 3 4 5 |  5.9
Summonings     | 1 2 3 4 5 6 |  6.0
Long Blades    | 1 |  1.1
Polearms       | 1 2 3 5 6 |  6.1
Evocations     | 1 3 4 |  4.9

Action                   |  1- 3 |  4- 6 |  7- 9 | 10-12 | 13-15 || total
-------------------------+-------+-------+-------+-------+-------++-------
Melee: Great sword       |     7 |    22 |     7 |       |       ||    36
       Halberd           |       |       |    19 |   188 |    70 ||   277
 Cast: Sandblast         |    66 |    75 |   175 |   196 |       ||   512
       Passwall          |       |     1 |       |       |       ||     1
       Call Imp          |       |     2 |     3 |       |       ||     5
       Stone Arrow       |       |       |       |   285 |   110 ||   395
       Leda's Liquefacti |       |       |       |     3 |       ||     3
Evoke: Wand              |       |     4 |       |     2 |     1 ||     7
  Use: Potion            |     7 |     3 |     1 |    10 |     9 ||    30
       Scroll            |     6 |     1 |     8 |    19 |     1 ||    35
 Stab: Sleeping          |     1 |     1 |       |     1 |       ||     3
Armor: Robe              |    10 |       |       |       |       ||    10
       Leather armour    |       |    50 |    78 |    55 |       ||   183
       Troll leather arm |       |       |       |   169 |    53 ||   222
Dodge: Dodged            |    10 |    49 |   114 |   371 |    99 ||   643
       Repelled          |       |       |     1 |     9 |     8 ||    18

Table legend: (Time is in decaauts)
 A = Elapsed time spent in this place.
 B = Non-inter-level travel time spent in this place.
 C = Inter-level travel time spent in this place.
 D = Time resting spent in this place.
 E = Time spent auto-exploring this place.
 F = Levels seen in this place.
 G = Mean time per level.
                   A        B        C        D        E       F      G
               +--------+--------+--------+--------+--------+-----+--------+
         Total |  20494 |  19436 |   1058 |   7337 |   5070 |  16 | 1280.9 |
       Dungeon |  15238 |  14358 |    880 |   4852 |   4244 |  12 | 1269.8 |
  Orcish Mines |   3803 |   3625 |    178 |   1515 |    826 |   2 | 1901.5 |
   Elven Halls |    558 |    558 |      0 |    335 |      0 |   1 |  558.0 |
       Volcano |    893 |    893 |      0 |    634 |      0 |   1 |  893.0 |
               +--------+--------+--------+--------+--------+-----+--------+

Top non-repeatable levels by time:
     D:8: 2576 daAuts
   Orc:2: 2474 daAuts
    D:12: 1999 daAuts
     D:9: 1492 daAuts
   Orc:1: 1328 daAuts
     D:2: 1235 daAuts
     D:7: 1181 daAuts
     D:5: 1136 daAuts
    D:10: 1087 daAuts
     D:4: 1064 daAuts
     D:1: 1014 daAuts
 Volcano: 893 daAuts
     D:6: 849 daAuts
    D:11: 844 daAuts
     D:3: 756 daAuts
